 Dungeon Crawl Stone Soup version 0.29.0-4-gdea44cf6ec (webtiles) character file.

Game seed: 1088781161762610145

151 qw the Chopper (level 5, -5/30 HPs)
             Began as a Tengu Warper on Aug 28, 2022.
             Was an Initiate of Okawaru.
             Killed by nerve-wracking pain
             ... invoked by an orc priest
              (12 damage)
             ... on level 4 of the Dungeon.
             The game lasted 00:00:20 (3964 turns).

qw the Chopper (Tengu Warper)                       Turns: 3964, Time: 00:00:21

Health: -5/30      AC: 10    Str: 13 (14) XL:     5   Next: 33%
Magic:  9/9        EV:  7    Int: 11 (13) God:    Okawaru [......]
Gold:   198        SH:  0    Dex: 10 (13) Spells: 8/8 levels left

rFire   . . .      SeeInvis .   Y - +0 hand axe
rCold   . . .      Faith    .   (no shield)
rNeg    . . .      Spirit   .   e - +2 chain mail {rPois}
rPois   +          Reflect  .   (helmet restricted)
rElec   .          Harm     .   (no cloak)
rCorr   .          Rampage  .   (no gloves)
Will    .....                   (boots unavailable)
Stlth   ..........              (no amulet)
HPRegen 0.10/turn               (no ring)
MPRegen 0.11/turn               (no ring)

@: about to teleport, flying quickly and evasively, quick
A: beak, talons 3, nimble flight
a: Renounce Religion


You were on level 4 of the Dungeon.
You worshipped Okawaru.
Okawaru was noncommittal.
You visited 1 branch of the dungeon, and saw 4 of its levels.

You collected 198 gold pieces.


Innate Abilities, Weirdness & Mutations

You have a beak for a mouth.
You have claws for feet.
Your magical nature lets you fly swiftly and evasively.


   Skills:
 - Level 2.0 Fighting
 + Level 5.6 Axes
 - Level 1.0 Throwing
 - Level 2.0 Armour
 - Level 2.1 Dodging
 - Level 2.0 Spellcasting
 - Level 2.4 Translocations


You had 8 spell levels left.
You didn't know any spells.
Your spell library contained the following spells:

 Spells                   Type           Power      Damage    Failure   Level
 Blink                    Tloc           12%        N/A       99%         2
 Gell's Gravitas          Tloc           6%         N/A       100%        3
 Lesser Beckoning         Tloc           6%         N/A       100%        3
 Teleport Other           Tloc           6%         N/A       100%        3
 Manifold Assault         Tloc           6%         N/A       100%        5

Inventory:

Hand Weapons
 j - a +0 flail
 Y - a +0 hand axe (weapon)
Armour
 e - a +2 chain mail of poison resistance (worn)
 k - a +0 plate armour
Scrolls
 c - 6 scrolls of teleportation
 f - 4 scrolls of identify
Potions
 a - a potion of haste
 b - a potion of cancellation
 d - a potion of lignification {unknown}
 g - a potion of brilliance {unknown}
 h - 2 potions of curing

Dungeon Overview and Level Annotations

Branches:
Dungeon (4/15)
 Temple: D:4-7

Altars:
Okawaru
The Shining One

Annotations:
D:3 Edmund


Message History

Okawaru accepts your kill.
You hear a shout! x2
An orc priest comes into view. It is wielding a +0 short sword.
3953 ||| Stepping ~*~*~tactically~*~*~ (hiding).
3955 ||| Stepping ~*~*~tactically~*~*~ (hiding).
You start waiting.
A kobold is nearby!
You hit the kobold.
You kill the kobold!
Okawaru accepts your kill.
The orc shouts!
The orc priest barely misses you.
Things that are here:
a +0 short sword; a kobold corpse You hit the orc priest but do no damage.
Your kick misses the orc priest.
The orc hits you from afar with the +6 trident "Sucu" {vorpal, *Rage MP+9 Int+8}.
The orc priest calls down the wrath of Beogh upon you.
Beogh smites you!
You barely miss the orc priest. You claw the orc priest.
The orc priest is moderately wounded.
The orc barely misses you.
The orc priest hits you with a +0 short sword.
You barely miss the orc priest. You claw the orc priest.
The orc priest is moderately wounded.
The orc hits you but does no damage.
The orc priest hits you with a +0 short sword.
You hit the orc priest but do no damage.
Your kick misses the orc priest.
The orc priest is moderately wounded.
The orc goes berserk!
The orc hits you from afar with the +6 trident "Sucu" {vorpal, *Rage MP+9 Int+8}.
The orc priest hits you but does no damage.
3964 ||| READING 7 scrolls of teleportation.
As you read the scroll of teleportation, it crumbles to dust.
You feel strangely unstable. The orc barely misses you.
The orc priest calls down the wrath of Beogh upon you.
Pain shoots through your body!
You die...

#...............##.###..
#........######.#.......
#........# #.#.......
#.....>.[# #.'...)...
#.......)# ###.......
#........# #.......
#........# #.......
#........# #.......
#.....)@.# #.......
######o### #....... #o#
#....... #o# #.......
... #....>.< ...
#######. ...o. #. ....o
#. #.....o #.


You could see an orc priest and 2 orcs.

Vanquished Creatures
  4 gnolls
  4 adders
  A worm (D:3)
  3 dart slugs
  4 orcs
  6 endoplasms
  3 giant cockroaches (D:1)
  7 hobgoblins
  4 kobolds
  2 quokkas (D:1)
  9 ball pythons
  5 bats
  3 frilled lizards
  4 goblins
  6 rats
65 creatures vanquished.

Notes
Turn   | Place    | Note
-------+----------+-------------------------------------------
     0 | D:1      | qw the Tengu Warper began the quest for the Orb.
     0 | D:1      | Reached XP level 1. HP: 12/12 MP: 4/4
     0 | D:1      | 0 ||| qw: Version: 0.1-a-89-g26bdef1
     0 | D:1      | 0 ||| qw: Game counter: 925
     0 | D:1      | 0 ||| qw: Always use a shield: true
     0 | D:1      | 0 ||| qw: God list: Okawaru
     0 | D:1      | 0 ||| qw: Allow faded altars: false
     0 | D:1      | 0 ||| qw: Do Orc after D:15 true
     0 | D:1      | 0 ||| qw: Do second Lair branch before Depths: true
     0 | D:1      | 0 ||| qw: Lair rune preference: random
     0 | D:1      | 0 ||| qw: Plans: Normal
     0 | D:1      | 0 ||| PLANNING D:1-11
    55 | D:1      | 55 ||| Stepping ~*~*~tactically~*~*~ (hiding).
   145 | D:1      | Reached XP level 2. HP: 17/17 MP: 6/6
   159 | D:1      | Reached skill level 3 in Axes
   189 | D:1      | 189 ||| Stepping ~*~*~tactically~*~*~ (stealth).
   190 | D:1      | 190 ||| Stepping ~*~*~tactically~*~*~ (stealth).
   452 | D:1      | Reached XP level 3. HP: 18/21 MP: 7/7
   456 | D:1      | Reached skill level 4 in Axes
  1096 | D:1      | 1096 ||| UPGRADING to +0 ring mail.
  1106 | D:1      | 1106 ||| DROPPING +0 leather armour.
  1107 | D:1      | 1107 ||| UPGRADING to +0 plate armour.
  1117 | D:1      | 1117 ||| DROPPING +0 ring mail.
  1118 | D:1      | 1118 ||| READING scroll labelled WEMUL QUMIRAA.
  1119 | D:1      | 1119 ||| READING 4 scrolls labelled MUINADO QYKLA.
  1120 | D:1      | 1120 ||| READING 3 scrolls of identify.
  1120 | D:1      | 1120 ||| IDENTIFYING sapphire potion
  1121 | D:1      | 1121 ||| READING 2 scrolls of identify.
  1121 | D:1      | 1121 ||| IDENTIFYING viscous inky potion
  1122 | D:1      | 1122 ||| DROPPING scroll of blinking.
  1123 | D:1      | 1123 ||| DROPPING potion of attraction.
  1124 | D:1      | 1124 ||| DROPPING potion of flight.
  1332 | D:2      | Found a glowing golden altar of the Shining One.
  1409 | D:2      | Reached XP level 4. HP: 26/26 MP: 8/8
  1829 | D:2      | 1829 ||| READING scroll labelled VICOMECLALL.
  1830 | D:2      | 1830 ||| READING scroll labelled WEMAF GUAJANU.
  1833 | D:2      | 1833 ||| DRINKING 2 puce potions.
  1834 | D:2      | 1834 ||| DRINKING 2 coppery potions.
  1835 | D:2      | 1835 ||| READING 5 scrolls of identify.
  1835 | D:2      | 1835 ||| IDENTIFYING bubbling golden potion
  1836 | D:2      | 1836 ||| READING 4 scrolls of identify.
  1836 | D:2      | 1836 ||| IDENTIFYING smoky dark potion
  1837 | D:2      | 1837 ||| DROPPING potion of degeneration.
  3297 | D:3      | 3297 ||| UPGRADING to +2 chain mail of poison resistance.
  3307 | D:3      | 3307 ||| READING 5 scrolls of identify.
  3307 | D:3      | 3307 ||| IDENTIFYING emerald potion
  3319 | D:4      | Noticed Edmund
  3322 | D:4      | 3322 ||| STAIRDANCE
  3327 | D:3      | Reached skill level 5 in Axes
  3329 | D:4      | 3329 ||| STAIRDANCE
  3332 | D:3      | HP: 6/26 [Edmund/+1 flail of protection (2)]
  3333 | D:3      | 3333 ||| READING 4 scrolls of teleportation.
  3334 | D:3      | 3334 ||| DRINKING potion of heal wounds.
  3667 | D:4      | Found an iron altar of Okawaru.
  3671 | D:4      | 3671 ||| Stepping ~*~*~tactically~*~*~ (hiding).
  3680 | D:4      | Gained mutation: Your magical nature lets you fly swiftly
                  | and evasively. [Tengu growth]
  3680 | D:4      | Reached XP level 5. HP: 28/30 MP: 9/9
  3763 | D:4      | Became a worshipper of Warmaster Okawaru
  3943 | D:4      | 3943 ||| Stepping ~*~*~tactically~*~*~ (stealth).
  3949 | D:4      | 3949 ||| Stepping ~*~*~tactically~*~*~ (stealth).
  3953 | D:4      | 3953 ||| Stepping ~*~*~tactically~*~*~ (hiding).
  3954 | D:4      | Identified the +6 trident "Sucu" {vorpal, *Rage MP+9 Int+8}
  3955 | D:4      | 3955 ||| Stepping ~*~*~tactically~*~*~ (hiding).
  3963 | D:4      | HP: 7/30 [orc/the +6 trident "Sucu" {vorpal, *Rage MP+9
                  | Int+8} (1)]
  3964 | D:4      | 3964 ||| READING 7 scrolls of teleportation.
  3964 | D:4      | Killed from afar by an orc priest

Levels and vault maps discovered:
D:1:      ncdulo_lavacross, layout_basic
D:2:      layout_rooms, basic_altar
D:3:      layout_basic, corexii_leaking_fountain
D:4:      layout_basic, worldfamousw_hep_ancestral_shrine,
          okawaru_metal_pillars_1_2, uniq_edmund, uniq_crazy_yiuf_cottage,
          uniq_ijyb

Skill      XL: |  1  2  3  4 |
---------------+-------------+-----
Axes           | 3 4 5 |  5.6
Armour         | 2 |  2.0
Fighting       | |  2.0
Throwing       | |  1.0
Dodging        | |  2.1
Spellcasting   | |  2.0
Translocations | |  2.4

Action                   |  1- 3 |  4- 6 || total
-------------------------+-------+-------++-------
Melee: Hand axe          |    73 |   102 ||   175
       Kick              |    18 |    22 ||    40
       Peck              |    12 |    13 ||    25
Throw: Boomerang         |     7 |       ||     7
  Use: Scroll            |     4 |     7 ||    11
       Potion            |       |     3 ||     3
Armor: Leather armour    |    17 |       ||    17
       Plate armour      |     4 |    31 ||    35
       Chain mail        |       |    34 ||    34
Dodge: Dodged            |    35 |    25 ||    60

Table legend:
 A = Non-vault XP
 B = Vault XP
 C = Vault XP percentage of total XP
 D = Non-vault monster count
 E = Vault monster count
 F = Vault count percentage of total count
                 A         B        C        D         E       F
            +---------+---------+-------+---------+---------+-------
      Total |     217 |       0 |   0.0 |      65 |       0 |   0.0
            +---------+---------+-------+---------+---------+-------
        D:1 |      60 |       0 |   0.0 |      27 |       0 |   0.0
        D:2 |      46 |       0 |   0.0 |      13 |       0 |   0.0
        D:3 |      40 |       0 |   0.0 |      13 |       0 |   0.0
        D:4 |      71 |       0 |   0.0 |      12 |       0 |   0.0
            +---------+---------+-------+---------+---------+-------
